[Event "fics rated crazyhouse match"]
[Site "fics, Oklahoma City, OK USA"]
[Date "2000.03.15"]
[White "spurs"]
[WhiteElo "2310"]
[Black "Tecumseh"]
[BlackElo "2259"]
[TimeControl "60+0"]
[Result "0-1"]

1. d3 d5 2. Nc3 d4 3. Nf3 dxc3 4. bxc3 e6 5. e4 Nc6 6. Bg5 
f6 7. Bh4 Ba3 8. Rb1 N@b2 9. Be2 Nxd1 10. Rxd1 Bb2 11. P@d2 Nge7 
12. O-O Ng6 13. Bg3 h5 14. N@b5 e5 15. Nh4 Nf4 16. Bxf4 exf4 17. N@f5 
Bxf5 18. Nxf5 Qd7 19. Bxh5+ Rxh5 20. B@g6+ B@f7 21. Bxh5 Bxh5 22. P@e7 Nxe7 
23. Nxg7+ Kd8 24. P@e6 f3 25. R@h8+ B@e8 26. Rxh5 Bxh5 27. Kh1 fxg2+ 28. Kg1 
Q@h1# 
{spurs checkmated} 0-1

[Event "fics rated crazyhouse match"]
[Site "fics, Oklahoma City, OK USA"]
[Date "2000.03.15"]
[White "Tecumseh"]
[WhiteElo "2268"]
[Black "spurs"]
[BlackElo "2301"]
[TimeControl "60+0"]
[Result "0-1"]

1. e4 e6 2. d4 d5 3. exd5 exd5 4. Nf3 Nf6 5. Ne5 Ne4 6. Nc3 
Qf6 7. P@f3 Nxc3 8. bxc3 Bd6 9. N@g4 Qe7 10. Bb5+ P@c6 11. Bd3 Bxg4 
12. fxg4 Bxe5 13. dxe5 Qxe5+ 14. B@e2 N@h4 15. B@d4 N@f3+ 16. gxf3 Nxf3+ 17. Kf1 
P@g2+ 18. Kxg2 N@h4+ 19. Kh3 Nxd4 20. cxd4 B@g2+ 21. Kxh4 Qf6+ 22. P@g5 Qxd4 
23. N@f5 Qe5 24. f4 Qxa1 25. Ba3 R@h3# 
{Tecumseh checkmated} 0-1

[Event "fics rated crazyhouse match"]
[Site "fics, Oklahoma City, OK USA"]
[Date "2000.03.15"]
[White "spurs"]
[WhiteElo "2308"]
[Black "Tecumseh"]
[BlackElo "2261"]
[TimeControl "60+0"]
[Result "1-0"]

1. d4 e6 2. Nf3 Nf6 3. Nc3 d5 4. Bg5 h6 5. e3 Be7 6. Bxf6 
Bxf6 7. Bb5+ Bd7 8. Bxd7+ Nxd7 9. Ne5 Nxe5 10. dxe5 Bxe5 11. N@h5 N@h4 
12. B@d4 Nxg2+ 13. Kf1 B@h3 14. Bxe5 Nxe3+ 15. Ke2 Nxd1 16. Nxg7+ Kd7 17. N@c5+ 
Kc8 18. P@d7+ Qxd7 19. Nxd7 B@f3+ 20. Kd2 Nxc3 21. Bxc3 Q@e2+ 22. Kc1 Bxh1 
23. Nb6+ axb6 24. B@d1 Qxd1+ 25. Kxd1 P@e2+ 26. Kxe2 N@f4+ 27. Ke3 N@g2+ 28. Kd2 
R@e2+ 29. Kd1 Ne3+ 30. fxe3 B@f3 31. P@d7+ Kb8 32. Q@c8+ Rxc8 33. dxc8=Q+ Ka7 
34. Qxa8+ Kxa8 35. R@c8+ Ka7 36. R@a8# 
{Tecumseh checkmated} 1-0

[Event "fics rated crazyhouse match"]
[Site "fics, Oklahoma City, OK USA"]
[Date "2000.03.15"]
[White "Tecumseh"]
[WhiteElo "2254"]
[Black "spurs"]
[BlackElo "2315"]
[TimeControl "60+0"]
[Result "1-0"]

1. e4 e6 2. d4 d5 3. e5 Ne7 4. Bg5 Qd7 5. Nc3 Nf5 6. Nf3 
Bb4 7. a3 Nc6 8. axb4 Nxb4 9. Bb5 Nc6 10. O-O P@e7 11. Bxc6 bxc6 
12. N@c5 Qd8 13. B@b7 Bxb7 14. Nxb7 Qc8 15. Nc5 Qd8 16. B@b7 O-O 17. Bxc6 
Rb8 18. P@h6 B@h8 19. Rxa7 gxh6 20. Bxh6 Nxh6 21. P@g5 Nf5 22. P@f6 exf6 
23. exf6 Bxf6 24. gxf6 Qxf6 25. B@e5 Qg6 26. Nd7 P@h3 27. P@g3 P@e7 28. Nxf8 
Rxf8 29. R@h8# 
{spurs checkmated} 1-0

[Event "fics rated crazyhouse match"]
[Site "fics, Oklahoma City, OK USA"]
[Date "2000.03.15"]
[White "spurs"]
[WhiteElo "2306"]
[Black "Tecumseh"]
[BlackElo "2263"]
[TimeControl "60+0"]
[Result "1-0"]

1. d4 Nc6 2. Nf3 d5 3. Bg5 Nf6 4. Nc3 Ne4 5. Nxe4 dxe4 6. Ne5 
Qxd4 7. Nxf7 Qxf2+ 8. Kxf2 N@g4+ 9. Kg3 Kxf7 10. Qd5+ P@e6 11. Qxc6 N@f5+ 
12. Kxg4 h5+ 13. Kf4 bxc6 14. N@e5+ Ke8 15. P@f7+ Kd8 16. Q@e8# 
{Tecumseh checkmated} 1-0

[Event "fics rated crazyhouse match"]
[Site "fics, Oklahoma City, OK USA"]
[Date "2000.03.15"]
[White "Tecumseh"]
[WhiteElo "2256"]
[Black "spurs"]
[BlackElo "2313"]
[TimeControl "60+0"]
[Result "0-1"]

1. e4 e6 2. d4 d5 3. exd5 exd5 4. Nf3 Bg4 5. Ne5 Bf3 6. gxf3 
P@f6 7. Nxf7 Kxf7 8. Nc3 Bb4 9. Rg1 Nh6 10. Bxh6 gxh6 11. P@f5 Re8+ 
12. B@e6+ Rxe6+ 13. fxe6+ Kxe6 14. N@f4+ Kd7 15. Rg7+ P@e7 16. P@e6+ Kc8 17. R@f7 
B@d6 18. Nxd5 Nc6 19. P@d7+ Kb8 20. Nxe7 Bxe7 21. Rxe7 Bxe7 22. Rxe7 Qxe7 
23. B@d5 N@b4 24. P@a6 Nxd5 25. Nxd5 Qxe6+ 26. B@e4 Qxd7 27. axb7 Kxb7 28. N@c5+ 
Kc8 29. P@b7+ Kd8 30. bxa8=Q+ B@b8 31. R@f8+ B@e8 32. Nxd7 Kxd7 33. Rxe8 Kxe8 
34. Qxb8+ N@d8 35. Q@g7 P@d2+ 36. Qxd2 R@e2# 
{Tecumseh forfeits on time} 0-1

[Event "fics rated crazyhouse match"]
[Site "fics, Oklahoma City, OK USA"]
[Date "2000.03.15"]
[White "Tecumseh"]
[WhiteElo "2243"]
[Black "spurs"]
[BlackElo "2326"]
[TimeControl "60+0"]
[Result "1-0"]

1. b3 e6 2. g3 d5 3. a4 Nf6 4. Bg2 Bc5 5. e3 Nc6 6. Bb2 
Ne5 7. Nf3 Nxf3+ 8. Bxf3 N@g5 9. Bg2 h5 10. f4 Nge4 11. O-O Ng4 
12. Bxe4 dxe4 13. Bxg7 h4 14. Bxh8 hxg3 15. R@g8+ Bf8 16. P@g7 gxh2+ 17. Kh1 
B@e7 18. Qxg4 e5 19. f5 Bxf5 20. Qxf5 P@f3 21. gxf8=Q+ Bxf8 22. Rxf8+ Kxf8 
23. B@c5+ P@d6 24. N@e6+ Ke7 25. B@f6+ Kd7 26. Nxd8+ P@e6 27. N@f8+ Ke8 28. B@d7+ 
Kxf8 29. Q@g7# 
{spurs checkmated} 1-0

[Event "fics rated crazyhouse match"]
[Site "fics, Oklahoma City, OK USA"]
[Date "2000.03.15"]
[White "spurs"]
[WhiteElo "2316"]
[Black "Tecumseh"]
[BlackElo "2253"]
[TimeControl "60+0"]
[Result "0-1"]

1. d4 e6 2. Nf3 Nc6 3. Nc3 Nf6 4. Bg5 Bb4 5. Bxf6 Qxf6 6. e4 
Bxc3+ 7. bxc3 B@b2 8. B@e5 Bxc3+ 9. Nd2 Qg5 10. Bxc7 Bxd2+ 11. Qxd2 Qxd2+ 
12. Kxd2 P@c3+ 13. Kxc3 N@a4+ 14. Kd2 Q@c3+ 15. Ke2 Nxd4+ 16. Kd1 Nb2+ 17. Kc1 
P@d2+ 18. Kb1 N@a3# 
{spurs checkmated} 0-1

[Event "fics rated crazyhouse match"]
[Site "fics, Oklahoma City, OK USA"]
[Date "2000.03.15"]
[White "pminear"]
[WhiteElo "2421"]
[Black "spurs"]
[BlackElo "2298"]
[TimeControl "60+0"]
[Result "0-1"]

1. e4 e6 2. Nc3 d5 3. d4 dxe4 4. Nxe4 Be7 5. Nf3 Nc6 6. Bb5 
Nf6 7. Neg5 O-O 8. Bxc6 bxc6 9. Ne5 Ba6 10. P@e2 P@h6 11. Ngxf7 Rxf7 
12. Nxf7 Kxf7 13. N@e5+ Kg8 14. P@f7+ Kh8 15. Nxc6 Qd5 16. Nxe7 Qxg2 17. B@f3 
Qxh1+ 18. Bxh1 R@g1+ 19. R@f1 Rxf1+ 20. Kxf1 B@h3+ 21. P@g2 P@f3 22. R@e8+ R@f8 
23. Rxf8+ Rxf8 24. R@g8+ Rxg8 25. fxg8=Q+ Nxg8 26. R@f8 fxe2+ 27. Qxe2 Bxe2+ 28. Kxe2 
Q@e4+ 29. Be3 Qxc2+ 30. B@d2 P@d3+ 31. Kf3 N@h4+ 32. Ke4 R@g4+ 33. f4 P@d5+ 
34. Ke5 R@e4# 
{pminear checkmated} 0-1

[Event "fics rated crazyhouse match"]
[Site "fics, Oklahoma City, OK USA"]
[Date "2000.03.15"]
[White "jtp"]
[WhiteElo "2248"]
[Black "Nathaniel"]
[BlackElo "2170"]
[TimeControl "60+0"]
[Result "1-0"]

1. e4 e6 2. d4 d5 3. Nc3 Nc6 4. exd5 exd5 5. Bb5 Bd7 6. Qe2+ 
Qe7 7. Nxd5 Qxe2+ 8. Nxe2 Q@a5+ 9. Nec3 Bb4 10. Q@e3+ P@e6 11. Bxc6 bxc6 
12. Nxb4 Qxb4 13. B@c5 Qc4 14. N@h5 N@f5 15. Qg5 B@h6 16. P@b7 Rd8 17. Qxh6 
Ngxh6 18. B@d3 Qd5 19. Bxh6 Qxg2 20. N@f6+ gxf6 21. Nxf6# 
{Nathaniel checkmated} 1-0

[Event "fics rated crazyhouse match"]
[Site "fics, Oklahoma City, OK USA"]
[Date "2000.03.15"]
[White "Nathaniel"]
[WhiteElo "2164"]
[Black "jtp"]
[BlackElo "2254"]
[TimeControl "60+0"]
[Result "1-0"]

1. e4 Nf6 2. Nc3 d5 3. exd5 Nxd5 4. d4 e6 5. Nf3 Bb4 6. Bd2 
P@a3 7. Nxd5 Bxd2+ 8. Qxd2 axb2 9. Rd1 Qxd5 10. N@e3 Qxa2 11. Bc4 Qa1 
12. O-O B@c1 13. Rxc1 bxc1=Q 14. Rxc1 P@b2 15. Rf1 R@c1 16. B@b5+ Bd7 17. Bxd7+ 
Nxd7 18. B@b5 P@c6 19. Bxc6 bxc6 20. B@b7 b1=Q 21. Bxc6 Rxf1+ 22. Nxf1 R@d1 
23. Bxd7+ Kf8 24. Bdb5 Rxd2 25. Nxd2 Q@g6 26. N@d7+ Kg8 27. R@g3 B@g5 28. P@f4 
h6 29. fxg5 hxg5 30. P@h3 P@f4 31. Rf3 g4 32. Ne5 g3 33. Nxg6 gxh2+ 
34. Kxh2 P@g3+ 35. fxg3 
{jtp forfeits on time} 1-0

[Event "fics rated crazyhouse match"]
[Site "fics, Oklahoma City, OK USA"]
[Date "2000.03.15"]
[White "jtp"]
[WhiteElo "2244"]
[Black "Nathaniel"]
[BlackElo "2174"]
[TimeControl "60+0"]
[Result "1-0"]

1. e4 e5 2. Nf3 Nf6 3. Bc4 Bc5 4. c3 O-O 5. d4 exd4 6. cxd4 
Be7 7. e5 Ng4 8. O-O d5 9. exd6 cxd6 10. P@h3 Nf6 11. P@h6 gxh6 
12. Bxh6 d5 13. Bd3 P@e4 14. P@g7 Re8 15. Ne5 Be6 16. Be2 Nc6 17. Nc3 
Nxe5 18. dxe5 Nd7 19. f4 Nb6 20. f5 Bd7 21. f6 Bc5+ 22. N@d4 N@e6 
23. Be3 P@f4 24. Nxe6 Bxe3+ 25. Kh1 fxe6 26. N@h6# 
{Nathaniel checkmated} 1-0

[Event "fics rated crazyhouse match"]
[Site "fics, Oklahoma City, OK USA"]
[Date "2000.03.15"]
[White "Nathaniel"]
[WhiteElo "2168"]
[Black "jtp"]
[BlackElo "2250"]
[TimeControl "60+0"]
[Result "0-1"]

1. e4 Nf6 2. e5 Ne4 3. d3 Nxf2 4. Kxf2 Nc6 5. Nc3 Nxe5 6. Be2 
d5 7. Bf4 Ng6 8. Bg3 d4 9. Ne4 e5 10. Nf3 Be7 11. Rf1 P@e3+ 
12. Kg1 P@f4 13. Be1 f5 14. Nxe5 Nxe5 15. Rxf4 O-O 16. Ng3 Bg5 17. Nxf5 
Bxf4 18. P@e7 Bxf5 19. exd8=Q Raxd8 20. P@e7 P@f2+ 21. Kh1 R@g1# 
{Nathaniel checkmated} 0-1

[Event "fics rated crazyhouse match"]
[Site "fics, Oklahoma City, OK USA"]
[Date "2000.03.15"]
[White "jtp"]
[WhiteElo "2256"]
[Black "Nathaniel"]
[BlackElo "2162"]
[TimeControl "60+0"]
[Result "1-0"]

1. e4 Nf6 2. Nc3 d5 3. exd5 Nxd5 4. Nf3 Nc6 5. d4 Bg4 6. Bb5 
e6 7. P@a6 P@d7 8. axb7 Rb8 9. Bxc6 dxc6 10. N@e5 Bxf3 11. Qxf3 Qf6 
12. P@d7+ Ke7 13. Nxc6+ Kxd7 14. Nxb8+ Kd8 15. R@c8+ Ke7 16. Qxf6+ Kxf6 17. Q@e5+ 
Kg6 18. Qg5# 
{Nathaniel checkmated} 1-0

[Event "fics rated crazyhouse match"]
[Site "fics, Oklahoma City, OK USA"]
[Date "2000.03.15"]
[White "Nathaniel"]
[WhiteElo "2156"]
[Black "jtp"]
[BlackElo "2262"]
[TimeControl "60+0"]
[Result "1-0"]

1. e4 Nf6 2. Nc3 d5 3. exd5 Nxd5 4. Nf3 e6 5. d4 Bd7 6. Bd2 
Nc6 7. Bc4 Nxc3 8. bxc3 N@e4 9. O-O Be7 10. Bd3 Nxd2 11. Qxd2 B@h5 
12. Ne5 Nxe5 13. dxe5 Bc6 14. P@f3 Bhxf3 15. gxf3 Bxf3 16. N@g2 Bxg2 17. Kxg2 
P@g4 18. f3 P@h3+ 19. Kf2 Bc5+ 20. B@e3 Bxe3+ 21. Qxe3 N@d5 22. Qe2 P@g2 
23. N@h5 Qh4+ 24. N@g3 B@c5+ 25. B@d4 N@f4 26. Nxg7+ Kd8 27. Bxc5 Nxe2 28. Kxe2 
gxf3+ 29. Rxf3 P@e4 30. Bxe4 Qxe4+ 31. Nxe4 B@c4+ 32. P@d3 Q@d7 33. B@f6# 
{jtp forfeits on time} 1-0

[Event "fics rated crazyhouse match"]
[Site "fics, Oklahoma City, OK USA"]
[Date "2000.03.15"]
[White "jtp"]
[WhiteElo "2252"]
[Black "Nathaniel"]
[BlackElo "2166"]
[TimeControl "60+0"]
[Result "1-0"]

1. e4 Nf6 2. Nc3 d5 3. exd5 Nxd5 4. Nf3 e6 5. d4 Bd7 6. Bd2 
Nc6 7. Bb5 Bb4 8. Nxd5 Bxd2+ 9. Qxd2 exd5 10. N@h5 Rg8 11. Bxc6 bxc6 
12. Ne5 Qe7 13. P@b7 Rb8 14. B@c8 Bxc8 15. bxc8=Q+ Rxc8 16. N@f5 Qxe5+ 17. dxe5 
B@c5 18. Nhxg7+ Kd8 19. B@g5+ P@e7 20. Nxe7 Bxe7 21. Bxe7+ Kxe7 22. B@f6+ Kd7 
23. Q@e7# 
{Nathaniel checkmated} 1-0

[Event "fics rated crazyhouse match"]
[Site "fics, Oklahoma City, OK USA"]
[Date "2000.03.15"]
[White "Nathaniel"]
[WhiteElo "2160"]
[Black "jtp"]
[BlackElo "2258"]
[TimeControl "60+0"]
[Result "1-0"]

1. e4 Nf6 2. Nc3 d5 3. exd5 Nxd5 4. d4 e6 5. Bd2 Bb4 6. Nf3 
Qe7 7. Bd3 P@a3 8. Nxd5 exd5+ 9. P@e5 Bxd2+ 10. Qxd2 axb2 11. Rd1 B@c1 
12. Rxc1 P@c3 13. Qd1 bxc1=Q 14. Qxc1 N@e4 15. O-O Nc6 16. B@h4 f6 17. exf6 
gxf6 18. Bxe4 dxe4 19. Bxf6 Qxf6 20. B@g5 Qe6 21. N@f6+ Kf8 22. P@g7+ Kxg7 
23. P@h6+ Kf7 24. N@e5+ Nxe5 25. Nxe5+ Qxe5 26. dxe5 N@h3+ 27. gxh3 N@f3+ 28. Kh1 
P@g2+ 29. Kxg2 Bxh3+ 30. Kxh3 Nxg5+ 31. Qxg5 B@e6+ 32. P@f5 R@f3+ 33. P@g3 
{jtp forfeits on time} 1-0

[Event "fics rated crazyhouse match"]
[Site "fics, Oklahoma City, OK USA"]
[Date "2000.03.15"]
[White "jtp"]
[WhiteElo "2248"]
[Black "Nathaniel"]
[BlackElo "2170"]
[TimeControl "60+0"]
[Result "1-0"]

1. e4 Nf6 2. Nc3 d5 3. exd5 Nxd5 4. Nf3 e6 5. Bb5+ Bd7 6. Bxd7+ 
Nxd7 7. Nxd5 exd5 8. d4 Be7 9. N@h5 B@f8 10. B@a4 P@g6 11. Nf4 Bd6 
12. Nxd5 Bfe7 13. P@e5 Bb4+ 14. c3 Ba5 15. Nxe7 Qxe7 16. B@c5 Qe6 17. d5 
Qf5 18. Bxd7+ Qxd7 19. P@f6 gxf6 20. N@g7+ Kd8 21. exf6 B@e4 22. Bf4 N@d3+ 
23. Kf1 Nxc5 24. P@e7+ Kc8 25. e8=Q+ Rxe8 26. Nxe8 Qxe8 27. Bxc7 Bxc7 28. P@e7 
B@b5+ 29. R@e2 Bxf3 30. gxf3 B@h3+ 31. Ke1 N@g2+ 32. Kd2 Bf4+ 33. Kc2 
{Nathaniel forfeits on time} 1-0

[Event "fics rated crazyhouse match"]
[Site "fics, Oklahoma City, OK USA"]
[Date "2000.03.15"]
[White "Nathaniel"]
[WhiteElo "2164"]
[Black "jtp"]
[BlackElo "2254"]
[TimeControl "60+0"]
[Result "0-1"]

1. e4 Nf6 2. Nc3 d5 3. exd5 Nxd5 4. Nf3 e6 5. d4 Bb4 6. Bd2 
Qe7 7. Nxd5 exd5+ 8. P@e5 N@e4 9. Bxb4 Qxb4+ 10. B@d2 Qxb2 11. Bd3 Nxd2 
12. Nxd2 B@c3 13. O-O Bxd4 14. Re1 Qxa1 15. Qxa1 Bxa1 16. Rxa1 B@d4 17. Rf1 
Q@c3 18. N@h5 R@g5 19. Nxg7+ Rxg7 20. P@g3 Nc6 21. N@f6+ Kd8 22. B@h6 Rg6 
23. Bf4 P@h3 24. gxh3 Bxh3 25. P@g2 Bxg2 26. Kxg2 N@h4+ 27. Kh3 P@g2 28. Rg1 
Bxe5 29. Bxg6 Bxf6 30. Bxc7+ Kxc7 31. P@d6+ Kxd6 32. Q@f4+ B@e5 33. Qg4 hxg6 
34. B@h5 gxh5 35. Rxg2 hxg4+ 36. Kxg4 B@f5# 
{Nathaniel checkmated} 0-1

[Event "fics rated crazyhouse match"]
[Site "fics, Oklahoma City, OK USA"]
[Date "2000.03.15"]
[White "jtp"]
[WhiteElo "2260"]
[Black "Nathaniel"]
[BlackElo "2158"]
[TimeControl "60+0"]
[Result "1-0"]

1. e4 e6 2. Nc3 Nf6 3. d4 Bb4 4. e5 Nd5 5. Bd2 Nc6 6. Nxd5 
Bxd2+ 7. Qxd2 exd5 8. N@h5 Rg8 9. B@f6 gxf6 10. Nxf6+ Qxf6 11. exf6 B@g5 
12. Qe2+ B@e6 13. Nf3 Bxf6 14. P@f5 Bxd4 15. fxe6 dxe6 16. B@a4 Bxb2 17. Rb1 
Bg7 18. g3 Bd7 19. Bh3 N@c3 20. Bxc6 Bxc6 21. Bxe6 fxe6 22. Qxe6+ N@e7 
23. P@f7+ Kd8 24. fxg8=Q+ B@f8 25. N@f7+ Ke8 26. Qxf8+ Kxf8 27. Qxe7+ Kxe7 28. N@f5+ 
Kxf7 29. Q@e7+ Kg6 30. Qxg7+ Kxf5 31. Qe5+ Kg6 32. R@g7+ Kh6 33. Qg5# 
{Nathaniel checkmated} 1-0

[Event "fics rated crazyhouse match"]
[Site "fics, Oklahoma City, OK USA"]
[Date "2000.03.15"]
[White "Nathaniel"]
[WhiteElo "2152"]
[Black "jtp"]
[BlackElo "2266"]
[TimeControl "60+0"]
[Result "1-0"]

1. e4 Nf6 2. e5 Ne4 3. d4 Nxf2 4. Kxf2 d6 5. Nf3 dxe5 6. Nxe5 
Nc6 7. Bb5 Bd7 8. Bxc6 Bxc6 9. Nxf7 B@h4+ 10. P@g3 Kxf7 11. N@e5+ Ke6 
12. Qg4+ P@f5 13. Qe2 Qxd4+ 14. Kf1 N@e4 15. Nxc6 bxc6 16. Be3 Qxb2 17. N@c5+ 
Nxc5 18. Bxc5+ N@e4 19. B@c3 Qc1+ 20. Be1 P@f2 21. Nd2 fxe1=Q+ 22. Qxe1 Qxe1+ 
23. Rxe1 B@e5 24. Nxe4 fxe4 25. P@f5+ Kxf5 26. N@e3+ Ke6 27. Q@f5# 
{jtp checkmated} 1-0

[Event "fics rated crazyhouse match"]
[Site "fics, Oklahoma City, OK USA"]
[Date "2000.03.15"]
[White "jtp"]
[WhiteElo "2255"]
[Black "Nathaniel"]
[BlackElo "2163"]
[TimeControl "60+0"]
[Result "0-1"]

1. e4 e5 2. Nc3 Nf6 3. Bc4 Bc5 4. Nf3 O-O 5. d3 Nc6 6. Bg5 
Bxf2+ 7. Kxf2 Ng4+ 8. Kf1 Qxg5 9. Nxg5 Ne3+ 10. Ke2 Nxd1 11. Raxd1 Nd4+ 
12. Kd2 B@f4+ 13. Ke1 Bxg5 14. B@d2 Bxd2+ 15. Rxd2 P@e3 16. N@h6+ gxh6 17. Q@g3+ 
B@g5 18. Nd5 exd2+ 19. Kf1 R@e1+ 20. Kf2 Q@e2# 
{jtp checkmated} 0-1

[Event "fics rated crazyhouse match"]
[Site "fics, Oklahoma City, OK USA"]
[Date "2000.03.15"]
[White "Nathaniel"]
[WhiteElo "2173"]
[Black "jtp"]
[BlackElo "2245"]
[TimeControl "60+0"]
[Result "0-1"]

1. d4 Nf6 2. Nf3 e6 3. Nc3 Bb4 4. Bd2 d5 5. e3 Nc6 6. Bb5 
Bd7 7. Bxc6 Bxc6 8. Ne5 Bxc3 9. Bxc3 Ne4 10. Nxc6 bxc6 11. B@b7 Nxf2 
12. Bxc6+ P@d7 13. Bxa8 Nxd1 14. Rxd1 B@f2+ 15. Kxf2 N@e4+ 16. Ke2 Q@f2+ 17. Kd3 
Qxa8 18. B@b5 B@e2# 
{Nathaniel checkmated} 0-1

[Event "fics rated crazyhouse match"]
[Site "fics, Oklahoma City, OK USA"]
[Date "2000.03.15"]
[White "jtp"]
[WhiteElo "2251"]
[Black "Nathaniel"]
[BlackElo "2167"]
[TimeControl "60+0"]
[Result "1-0"]

1. e4 e6 2. d4 Nf6 3. e5 Ne4 4. Nc3 Nxf2 5. Kxf2 d5 6. Nh3 
c5 7. Bb5+ Bd7 8. Bxd7+ Nxd7 9. B@e3 cxd4 10. Bxd4 B@c5 11. P@e3 Bxd4 
12. exd4 P@c5 13. Be3 cxd4 14. Bxd4 P@c5 15. P@e3 cxd4 16. exd4 B@f5 17. B@e3 
Bxh3 18. gxh3 P@b4 19. Ne2 N@e4+ 20. Ke1 B@g5 21. P@f4 Bge7 22. B@f3 Rc8 
23. Rg1 Rg8 24. Qd3 f5 25. exf6 Ndxf6 26. N@e5 Rh8 27. P@f7# 
{Nathaniel checkmated} 1-0

[Event "fics rated crazyhouse match"]
[Site "fics, Oklahoma City, OK USA"]
[Date "2000.03.15"]
[White "Nathaniel"]
[WhiteElo "2161"]
[Black "jtp"]
[BlackElo "2257"]
[TimeControl "60+0"]
[Result "0-1"]

1. e4 Nf6 2. Nc3 d5 3. e5 Ne4 4. d4 Nxf2 5. Kxf2 Nc6 6. Be2 
Nxe5 7. dxe5 d4 8. Ne4 P@e3+ 9. Kf1 Bf5 10. Bxe3 dxe3 11. P@d7+ Qxd7 
12. Qxd7+ Bxd7 13. N@c5 B@c6 14. Nxd7 Bxe4 15. Nh3 N@d2+ 16. Ke1 P@f2+ 17. Kd1 
Q@d5 18. Nf6+ gxf6 19. exf6 Nc4+ 20. P@d3 Nxb2+ 21. Kc1 P@d2+ 22. Kxb2 exf6 
23. B@c4 P@a3+ 24. Kb3 N@a5+ 25. Ka4 Nxc4 26. dxc4 B@d7+ 27. N@b5 Bxc2+ 28. N@b3 
Bxb5+ 29. cxb5 Bxb3+ 30. axb3 N@b2+ 31. Ka5 P@b6# 
{Nathaniel checkmated} 0-1

[Event "fics rated crazyhouse match"]
[Site "fics, Oklahoma City, OK USA"]
[Date "2000.03.15"]
[White "jtp"]
[WhiteElo "2263"]
[Black "Nathaniel"]
[BlackElo "2155"]
[TimeControl "60+0"]
[Result "1-0"]

1. e4 Nf6 2. Nc3 Nc6 3. Nf3 d5 4. exd5 Nxd5 5. Bb5 Nxc3 6. bxc3 
Bd7 7. d4 e6 8. Bxc6 Bxc6 9. Ne5 Bxg2 10. P@d7+ Qxd7 11. Nxd7 N@f3+ 
12. Ke2 B@g4 13. N@f6+ gxf6 14. Nxf6+ Ke7 15. Nxg4 Bxh1 16. B@g5+ Kd7 17. N@e5+ 
Nxe5 18. Nxe5+ Kd6 19. Q@d7# 
{Nathaniel checkmated} 1-0

[Event "fics rated crazyhouse match"]
[Site "fics, Oklahoma City, OK USA"]
[Date "2000.03.15"]
[White "Nathaniel"]
[WhiteElo "2149"]
[Black "jtp"]
[BlackElo "2269"]
[TimeControl "60+0"]
[Result "1-0"]

1. e4 Nf6 2. Nc3 d5 3. exd5 Nxd5 4. Nf3 e6 5. d4 Bb4 6. Bd2 
Qe7 7. Nxd5 exd5+ 8. P@e5 N@e4 9. Bd3 Nxd2 10. Nxd2 P@e4 11. Bb5+ c6 
12. Be2 B@h6 13. c3 Bxc3 14. bxc3 Bxd2+ 15. Qxd2 N@h4 16. N@f4 P@g5 17. B@g3 
gxf4 18. Bxh4 Qxh4 19. N@d6+ Kd8 20. Nxc8 e3 21. B@g5+ Qxg5 22. fxe3 fxe3 
23. Qc2 P@d2+ 24. Kf1 B@e4 25. Qxe4 dxe4 26. B@a5+ b6 27. N@b7+ Kxc8 28. Nd6+ 
Kd7 29. B@g4+ B@e6 30. Bxe6+ fxe6 31. P@f2 Q@b2 32. Rd1 B@d3 33. Bxd3 exd3 
34. B@f3 
{jtp forfeits on time} 1-0

[Event "fics rated crazyhouse match"]
[Site "fics, Oklahoma City, OK USA"]
[Date "2000.03.15"]
[White "Eyefor"]
[WhiteElo "2360"]
[Black "LordPixel"]
[BlackElo "2430"]
[TimeControl "0+1"]
[Result "1-0"]

1. e4 Nf6 2. Nc3 d5 3. exd5 Nxd5 4. d4 e6 5. Nxd5 exd5 6. Nf3 
Nc6 7. Be2 P@e4 8. Ne5 Nxe5 9. dxe5 N@c4 10. Bxc4 dxc4 11. Qxd8+ Kxd8 
12. Q@d5+ Q@d7 13. Qxd7+ Bxd7 14. Q@h4+ Q@e7 15. Qxe4 B@b4+ 16. Kf1 N@c6 17. P@f4 
c3 18. N@d5 cxb2 19. Bxb2 P@f5 20. Qd3 Qe8 21. P@b5 Na5 22. N@d4 Bbc5 
23. N@f3 Bxd4 24. Nxd4 N@c4 25. B@g5+ Kc8 26. P@c6 Nxb2 27. cxd7+ Qxd7 28. Qc3 
Nac4 29. Nxc7 B@d2 30. Qh3 P@g4 31. Qb3 Qxc7 32. Nxf5 N@c5 33. P@e7 Qd7 
34. Qxb2 Nxb2 35. N@d6+ Kb8 36. e8=Q+ Qxe8 37. Nxe8 P@e2+ 38. Kxe2 Q@e4+ 39. Kxd2 
Nc4+ 40. Kc1 Nd3+ 41. cxd3 Ba3+ 42. Kc2 Qe2+ 43. Kc3 Bb2+ 44. Kxc4 Qc2+ 
45. P@c3 Qxc3+ 46. Kd5 P@e6+ 47. Ke4 exf5+ 48. Ke3 Rxe8 49. Q@d6+ N@c7 50. N@c6+ 
Qxc6 51. bxc6 N@c2+ 52. Kd2 N@d4 53. N@a6+ bxa6 54. Q@b7# 
{LordPixel checkmated} 1-0

[Event "fics rated crazyhouse match"]
[Site "fics, Oklahoma City, OK USA"]
[Date "2000.03.15"]
[White "LordPixel"]
[WhiteElo "2420"]
[Black "Eyefor"]
[BlackElo "2370"]
[TimeControl "0+1"]
[Result "1-0"]

1. e4 Nf6 2. Nc3 d5 3. exd5 Nxd5 4. d4 e6 5. Nxd5 exd5 6. Nf3 
Nc6 7. Be2 P@e4 8. Ne5 Nxe5 9. dxe5 N@c4 10. Bxc4 dxc4 11. Qxd8+ Kxd8 
12. Q@d5+ Q@d7 13. Qxd7+ Bxd7 14. Q@h4+ Q@e7 15. Bg5 f6 16. exf6 B@a5+ 17. P@d2 
Bxd2+ 18. Kxd2 gxf6 19. Bxf6 c3+ 20. bxc3 N@c4+ 21. Kd1 P@e2+ 22. Ke1 P@b2 
23. Rb1 Na3 24. Rxb2 e3 25. fxe3 Nb5 26. Rxb5 Bxb5 27. Qd4+ Ke8 28. B@h5+ 
R@f7 29. Bxe7 Kxe7 30. Q@e5# 
{Eyefor forfeits on time} 1-0

[Event "fics rated crazyhouse match"]
[Site "fics, Oklahoma City, OK USA"]
[Date "2000.03.15"]
[White "Eyefor"]
[WhiteElo "2363"]
[Black "LordPixel"]
[BlackElo "2427"]
[TimeControl "0+1"]
[Result "1-0"]

1. e4 Nf6 2. Nc3 e6 3. e5 Nd5 4. d4 Bb4 5. Bd2 Bxc3 6. Bxc3 
Nxc3 7. bxc3 N@b2 8. Qc1 Na4 9. N@h5 Rg8 10. B@g5 B@b2 11. Bxd8 Kxd8 
12. Q@h4+ B@g5 13. Qcxg5+ f6 14. Nxf6 Bxc3+ 15. Ke2 P@h6 16. Nxg8+ hxg5 17. R@f8# 
{LordPixel forfeits on time} 1-0

[Event "fics rated crazyhouse match"]
[Site "fics, Oklahoma City, OK USA"]
[Date "2000.03.15"]
[White "LordPixel"]
[WhiteElo "2418"]
[Black "Eyefor"]
[BlackElo "2372"]
[TimeControl "0+1"]
[Result "0-1"]

1. e4 e6 2. d4 d5 3. exd5 exd5 4. Bb5+ Bd7 5. Qe2+ Qe7 6. Bxd7+ 
Nxd7 7. Bf4 Qxe2+ 8. Nxe2 Bb4+ 9. Nbc3 Ba5 10. B@h3 Ngf6 11. P@e6 fxe6 
12. Bxe6 P@f7 13. Bxf7+ Kxf7 14. P@e6+ Kxe6 15. P@b4 Bxb4 16. Q@b5 Bxc3+ 17. Nxc3 
Kf7 18. Qxb7 N@h4 19. P@e6+ Kxe6 20. B@f3 Nxf3+ 21. gxf3 P@g2 22. Rg1 P@g5 
23. Bxc7 P@b4 24. Qxb4 Kf7 25. N@d6+ Kf8 26. Nf5+ P@c5 27. P@e7+ Kg8 28. dxc5 
Q@e6+ 29. P@e4 dxe4 30. fxe4 P@e2 31. Rxg2 B@f7 32. Nxe2 Nxe4 33. Ned4 P@d2+ 
34. Kf1 B@c4+ 35. P@d3 Qf6 36. dxc4 Ndxc5 37. P@e6 Bxe6 38. Nxe6 P@e2+ 39. Kxe2 
P@f3+ 40. Kxf3 Qxf5+ 41. Ke2 B@f3+ 42. Kf1 Nxe6 43. Rxg5 Qxg5 44. P@f7+ Kxf7 
45. P@d6 R@g1# 
{LordPixel checkmated} 0-1

[Event "fics rated crazyhouse match"]
[Site "fics, Oklahoma City, OK USA"]
[Date "2000.03.15"]
[White "Eyefor"]
[WhiteElo "2381"]
[Black "LordPixel"]
[BlackElo "2409"]
[TimeControl "0+1"]
[Result "1-0"]

1. e4 e6 2. d4 d5 3. exd5 exd5 4. Bb5+ Bd7 5. Qe2+ Qe7 6. Bxd7+ 
Nxd7 7. Bf4 Qxe2+ 8. Nxe2 Bb4+ 9. Nbc3 Ba5 10. B@h3 Ngf6 11. P@e6 fxe6 
12. Bxe6 P@f7 13. Bxf7+ Kxf7 14. P@e6+ Kxe6 15. P@b4 Bxb4 16. Q@b5 Bxc3+ 17. Nxc3 
Kf7 18. Qxb7 N@h4 19. P@e6+ Kxe6 20. B@f3 Nxf3+ 21. gxf3 P@g2 22. Rg1 P@g5 
23. Bxc7 P@b4 24. Qxb4 Kf7 25. N@d6+ Kg8 26. P@f7+ Kf8 27. Qb7 P@d2+ 28. Ke2 
B@c4+ 29. Kxd2 B@f4+ 30. P@e3 Bxd6 31. Qxa8+ Kxf7 32. P@e6+ Kxe6 33. Qxh8 Bxc7 
34. Qxg7 N@f1+ 35. Raxf1 gxf1=N+ 36. Rxf1 Bxf1 37. R@e7+ Kf5 38. N@h6# 
{LordPixel checkmated} 1-0